 Dungeon Crawl Stone Soup version 0.21-a0-201-g8501b10 (webtiles) character file.

180 tehllama the Insei (level 5, -1/33 HPs)
             Began as an Octopode Transmuter on Aug 17, 2017.
             Slain by a gnoll
             ... wielding a +0 spear
              (6 damage)
             ... on level 4 of the Dungeon.
             The game lasted 00:04:37 (3100 turns).

tehllama the Insei (Octopode Transmuter)            Turns: 3100, Time: 00:04:37

Health: -1/33      AC:  2    Str: 11    XL:     5   Next: 60%
Magic:  6/8        EV: 19    Int: 15    God:
Gold:   203        SH:  0    Dex: 17    Spells: 2/8 levels left

rFire    . . .     SeeInvis .     - Unarmed
rCold    . . .     Gourm    .   (shield currently unavailable)
rNeg     . . .     Faith    .   (helmet currently unavailable)
rPois    x         Spirit   .   (no amulet)
rElec    .         Reflect  .   (no ring)
rCorr    .         Harm     .   (no ring)
MR       .....                  (no ring)
Stlth    +++.......             (no ring)
HPRegen  0.11/turn              (no ring)
MPRegen  0.11/turn              (no ring)
                                (no ring)
                                (no ring)

@: spider-form (expiring)
A: almost no armour, stealthy swim, (amphibious), 8 rings, (constrict 8)
a: End Transformation


You were on level 4 of the Dungeon.
You were hungry.
You were a venomous arachnid creature.
You visited 1 branch of the dungeon, and saw 4 of its levels.

You collected 203 gold pieces.

Inventory:

Missiles
 a - 27 arrows
Jewellery
 e - an uncursed ring of poison resistance {unknown}
 n - a cursed amulet of inaccuracy {unknown}
Scrolls
 d - 2 scrolls of remove curse {unknown}
 f - 4 scrolls of identify {unknown}
 g - a scroll of immolation {unknown}
 h - 2 scrolls of teleportation {unknown}
 i - 4 scrolls of amnesia {unknown}
 k - a scroll of enchant armour {unknown}
 r - a scroll of magic mapping {unknown}
 s - 3 scrolls of recharging {unknown}
Potions
 l - a potion of mutation {unknown}
 m - a potion of curing {unknown}
 q - a potion of heal wounds {unknown}
Books
 b - a book of Changes

   Spells                             Type                      Level
   a - Beastly Appendage              Transmutation                1
   b - Sticks to Snakes               Transmutation                2
   c - Spider Form                    Transmutation/Poison         3
   d - Ice Form                       Ice/Transmutation            4
   e - Blade Hands                    Transmutation                5
 t - a book of Minor Magic

   Spells                             Type                      Level
   a - Magic Dart                     Conjuration                  1
   b - Blink                          Translocation                2
   c - Call Imp                       Summoning                    2
   d - Slow                           Hexes                        2
   e - Conjure Flame                  Conjuration/Fire             3
   f - Mephitic Cloud                 Conjuration/Poison/Air       3
Comestibles
 c - 2 bread rations
 o - 3 meat rations
 p - a royal jelly


   Skills:
 - Level 1.0 Fighting
 - Level 2.0 Dodging
 + Level 3.9 Stealth
 + Level 5.3 Unarmed Combat
 - Level 2.0 Spellcasting
 - Level 2.0 Transmutations


You had 2 spell levels left.
You knew the following spells:

 Your Spells              Type           Power        Failure   Level  Hunger
a - Beastly Appendage     Tmut           #.....       24%         1    #......
b - Sticks to Snakes      Tmut           #.......     32%         2    ###....
c - Spider Form           Tmut/Pois      #.........   63%         3    ###....


Dungeon Overview and Level Annotations

Branches:
Dungeon (4/15)
 Temple: D:4-7

Altars:
Elyvilon
Kikubaaqudgha
Trog

Annotations:
D:4 Grinder


Innate Abilities, Weirdness & Mutations

You cannot wear most types of armour.
You are very stealthy in the water. (Stealth+)
((You are amphibious.))
You can wear up to eight rings at the same time.
((You can use your tentacles to constrict eight enemies at once.))
((Your skin changes colour to match your surroundings (Stealth+).))
((Your rubbery body absorbs attacks. (AC +1, EV +1)))


Message History

You hit the gnoll.
You kill the gnoll!
The gnoll closely misses you. The gnoll barely misses you.
You bite the gnoll!
The gnoll is poisoned.
The gnoll is heavily wounded.
The leopard gecko closely misses you.
The gnoll hits you from afar with a spear.
You are too injured to fight recklessly!
The gnoll barely misses you. The gnoll closely misses you.
You see here a flail.
You barely miss the gnoll. The gnoll hits you with a whip.
* * * LOW HITPOINT WARNING * * *
The leopard gecko bites you.
* * * LOW HITPOINT WARNING * * *
The gnoll completely misses you.
You hit the gnoll.
The gnoll is poisoned.
The gnoll is moderately wounded.
The gnoll closely misses you. The leopard gecko closely misses you.
The gnoll hits you with a spear.
You die...

######
#....####
#....#..
#......#
#......#
####......#
#........##
#%....gl..#
[......s..#
#...#..g#.#
#.. ##....#
# #.#### #.
#. #. ##


You could see 2 gnolls and a leopard gecko.

Vanquished Creatures
  3 gnolls
  5 adders
  3 worms
  A dart slug (D:2)
  2 leopard geckos
  9 orcs (D:3)
  4 bats
  8 giant cockroaches
  12 hobgoblins
  12 jackals
  7 kobolds
  3 frilled lizards
  4 goblins
  9 rats
82 creatures vanquished.

Notes
Turn   | Place    | Note
-------+----------+-------------------------------------------
     0 | D:1      | tehllama the Octopode Transmuter began the quest for the Orb.
     0 | D:1      | Reached XP level 1. HP: 13/13 MP: 3/3
   129 | D:1      | Reached XP level 2. HP: 15/18 MP: 5/5
   768 | D:1      | Reached skill level 4 in Unarmed Combat
   834 | D:1      | Reached XP level 3. HP: 21/23 MP: 4/6
   961 | D:1      | Reached skill level 1 in Stealth
  1273 | D:2      | Reached XP level 4. HP: 21/28 MP: 5/7
  1634 | D:2      | Found a bloodstained altar of Trog.
  2025 | D:3      | Learned a level 2 spell: Sticks to Snakes
  2029 | D:3      | Learned a level 3 spell: Spider Form
  2044 | D:3      | Reached skill level 5 in Unarmed Combat
  2154 | D:3      | Reached XP level 5. HP: 33/33 MP: 6/8
  2191 | D:3      | Found a white marble altar of Elyvilon.
  2588 | D:3      | Found an ancient bone altar of Kikubaaqudgha.
  2954 | D:4      | Noticed a phantom
  2961 | D:4      | Noticed Grinder
  3100 | D:4      | Slain by a gnoll

Vault maps used:
D:1:      dpeg_arrival_oval, corexii_leaking_fountain
D:2:      lightli_temple_of_fire
D:3:      old_standard_altar, lemuel_round_altar
D:4:      first_bread, minmay_liquid_box, uniq_grinder

Skill      XL: |  1  2  3  4 |
---------------+-------------+-----
Unarmed Combat | 4 5 |  5.3
Stealth        | 1 3 |  3.9
Fighting       | |  1.0
Dodging        | |  2.0
Spellcasting   | |  2.0
Transmutations | |  2.0

Action                   |  1- 3 |  4- 6 || total
-------------------------+-------+-------++-------
Melee: Unarmed           |    65 |    95 ||   160
       Constrict         |    18 |    24 ||    42
       Tentacles         |     9 |    16 ||    25
       Kick              |     8 |    13 ||    21
       Punch             |     1 |     2 ||     3
 Cast: Beastly Appendage |    12 |    16 ||    28
       Spider Form       |       |     3 ||     3
       Sticks to Snakes  |       |     1 ||     1
 Stab: Sleeping          |     6 |    14 ||    20
  Eat: Chunk             |     1 |     6 ||     7
Armor: Skin              |     4 |     4 ||     8
Dodge: Dodged            |    39 |    50 ||    89
